 Dungeon Crawl Stone Soup version 0.30-a0-222-ge547ba4400 (webtiles) character file.

Game seed: 1834546720778067469

960 Aibolit the Covered (level 8, -2/55 (62) HPs)
             Began as a Human Fighter on Oct 8, 2022.
             Was a Plaything of Xom.
             Slain by an ice devil (4 damage)
             ... summoned by Xom
             ... on level 5 of the Dungeon.
             The game lasted 00:13:02 (4939 turns).

Aibolit the Covered (Human Fighter)                 Turns: 4939, Time: 00:13:02

HP:   -2/55 (62)    AC: 14    Str: 19      XL:     8   Next: 37%
MP:   8/8           EV:  7    Int:  8      God:    Xom [....*.]
Gold: 185           SH:  9    Dex: 10 (13) Spells: 7/7 levels left

rFire   + + .      SeeInvis .    u - +3 hand axe (freeze)
rCold   . . .      Faith    .    o - +0 kite shield
rNeg    . . .      Spirit   .    j - +0 chain mail
rPois   .          Reflect  .    (no helmet)
rElec   .          Harm     .    i - +0 cloak
rCorr   .          Rampage  .    v - +0 pair of gloves {hurl}
Will    +....      Clarity  +    (no boots)
Stlth   ..........               (no amulet)
HPRegen 0.29/turn                (no ring)
MPRegen 0.11/turn                (no ring)

@: mighty, heavily drained
A: talons 1, iridescent scales 1, clarity, fire resistance 2, strong-willed 1
a: Renounce Religion


You were on level 5 of the Dungeon.
You worshipped Xom.
You were a beloved toy of Xom.
You visited 1 branch of the dungeon, and saw 5 of its levels.

You collected 185 gold pieces.

Inventory:

Hand Weapons
 u - a +3 hand axe of freezing (weapon)
Missiles
 s - a throwing net (quivered)
Armour
 i - a +0 cloak (worn)
 j - a +0 chain mail (worn)
 o - a +0 kite shield (worn)
 v - a +0 pair of gloves of hurling (worn)
Jewellery
 x - an amulet of regeneration
Scrolls
 c - a scroll of enchant armour {unknown}
 f - a scroll of magic mapping
 g - a scroll of fear
 k - 2 scrolls of butterflies
 m - a scroll of immolation
 q - a scroll of enchant weapon {unknown}
 w - a scroll of teleportation {unknown}
 y - a scroll of vulnerability {unknown}
Potions
 a - a potion of resistance {unknown}
 b - 2 potions of mutation {unknown}
 e - 3 potions of heal wounds {unknown}
 h - 3 potions of cancellation {unknown}
 l - 3 potions of attraction {unknown}
 n - 3 potions of curing {unknown}
 p - a potion of brilliance {unknown}
 r - 2 potions of flight {unknown}
 t - 2 potions of degeneration {unknown}


   Skills:
 + Level 5.0 Fighting
 - Level 2.0 Long Blades
 - Level 1.1 Axes
 + Level 5.6 Armour
 * Level 4.0 Dodging
 - Level 0.8 Stealth
 + Level 5.5 Shields


You had 7 spell levels left.
You didn't know any spells.
Your spell library contained the following spells:

 Spells                   Type           Power      Damage    Failure   Level
 Kiss of Death            Conj/Necr      0%         2d5       100%        1
 Magic Dart               Conj           0%         1d3       100%        1
 Slow                     Hex            0%         N/A       100%        1
 Call Imp                 Summ           0%         N/A       100%        2
 Searing Ray              Conj           0%         2d4       100%        2
 Mephitic Cloud           Conj/Pois/Air  0%         N/A       100%        3
 Portal Projectile        Hex/Tloc       0%         N/A       100%        3
 Tukima's Dance           Hex            0%         N/A       100%        3
 Fulminant Prism          Conj/Hex       0%         3d6       100%        4
 Blade Hands              Tmut           0%         N/A       100%        5
 Enfeeble                 Hex            0%         N/A       100%        7
 Discord                  Hex            0%         N/A       100%        8


Dungeon Overview and Level Annotations

Branches:
Dungeon (5/15)
 Temple: D:4-7

Altars:
Fedhas
Makhleb
Xom


Innate Abilities, Weirdness & Mutations

You have sharp toenails.
You are partially covered in iridescent scales. (AC +2)
You possess an exceptional clarity of mind.
Your flesh is very heat resistant. (rF++)
You are strong-willed. (Will+)


Message History

The crimson imp shouts, "Take thy face hence, thou paunchy full-gorged maggot-pie!"
There is a stone staircase leading down here.
You feel very mighty all of a sudden. You block the quasit's attack.
The quasit barely misses you. x2
The ice devil hits you but does no damage.
You hit the ice devil but do no damage. You claw the ice devil!
The ice devil is moderately wounded.
You completely miss the quasit. You block the quasit's attack.
The quasit claws you but does no damage.
You block the quasit's attack. The ice devil barely misses you.
The crimson imp blinks!
You block the quasit's attack. The quasit claws you.
* * * LOW HITPOINT WARNING * * *
You block the quasit's attack.
You barely miss the ice devil.
The ice devil is moderately wounded.
You hit the quasit. You freeze the quasit. The quasit bites you.
* * * LOW HITPOINT WARNING * * *
The quasit barely misses you. You block the quasit's attack.
The ice devil hits you but does no damage.
The quasit bites you but does no damage.
You block the quasit's attack.
The quasit claws you but does no damage.
The ice devil hits you but does no damage.
The crimson imp attacks as you move away!
You block the crimson imp's attack. The ice devil attacks as you move away!
You block the ice devil's attack. The quasit attacks as you move away!
The quasit bites you.
* * * LOW HITPOINT WARNING * * *
You feel clumsy. The quasit claws you.
* * * LOW HITPOINT WARNING * * *
The quasit barely misses you.
The crimson imp attacks as you move away!
The crimson imp barely misses you.
You are now a beloved toy of Xom.
You block the quasit's attack. The quasit closely misses you.
You block the quasit's attack. The ice devil attacks as you move away!
The ice devil hits you.
You die...
Xom yawns loudly!

#....####..#.###.##..##.........#
##...# #..#.##...#####.........#
...[.####.........####..##.....##
.......#...#####..#.#...###.....#
..)........# ####.........#....##
.....##....###.....#.........###
.....##.....##b...###.....#.##
........#.........####....###
...##...#......5@.##.....###
...####........45..##......#
.....##.#.....>...#####..###
..#...........b...# ####
###........b......#
...............#.##
...##........##### [............#
.............#


You could see an ice devil (summoned, ally target), a quasit (summoned) and a
crimson imp (summoned).

Vanquished Creatures
  An ogre (D:4)
  2 centaurs (D:5)
  2 scorpions
  3 hounds
  A quasit (D:5)
  A jelly (D:5)
  An iguana (D:4)
  An orc wizard (D:4)
  2 gnolls (D:4)
  6 adders
  A white imp (D:5)
  4 worms
  A dart slug (D:2)
  11 orcs
  7 ball pythons
  5 endoplasms
  5 giant cockroaches
  10 goblins
  3 hobgoblins
  10 jackals
  7 quokkas
  4 bats
  2 frilled lizards
  6 kobolds
  3 rats
99 creatures vanquished.

Vanquished Creatures (collateral kills)
  A gnoll bouda (D:4)
  2 orc priests (D:4)
  3 orc wizards (D:4)
  A gnoll (D:4)
  An adder (D:4)
  An orc (D:4)
  A goblin (D:4)
  A hobgoblin (D:4)
  3 jackals (D:4)
  A kobold (D:4)
15 creatures vanquished.

Vanquished Creatures (others)
  5 plants
5 creatures vanquished.

Grand Total: 119 creatures vanquished

Notes
Turn   | Place    | Note
-------+----------+-------------------------------------------
     0 | D:1      | Aibolit the Human Fighter began the quest for the Orb.
     0 | D:1      | Reached XP level 1. HP: 18/18 MP: 1/1
   277 | D:1      | Reached XP level 2. HP: 24/24 MP: 2/2
   306 | D:1      | Found a faded altar of an unknown god.
   443 | D:1      | Reached XP level 3. HP: 23/29 MP: 3/3
   650 | D:1      | Reached skill level 1 in Dodging
  1139 | D:2      | Found a shimmering altar of Xom.
  1147 | D:2      | Became a worshipper of Xom of Chaos
  1395 | D:2      | Reached XP level 4. HP: 30/35 MP: 4/4
  1537 | D:2      | XOM: divination: detect creatures
  2141 | D:3      | Found a blossoming altar of Fedhas.
  2170 | D:3      | Reached XP level 5. HP: 13/41 MP: 5/5
  2190 | D:3      | XOM: give mutation
  2190 | D:3      | Gained mutation: Your flesh is heat resistant. (rF+) [Xom's
                  | grace]
  2404 | D:3      | XOM: god gift: scroll labelled GEBUEL FEMOSK {god gift}
  2529 | D:3      | XOM: give mutations
  2529 | D:3      | Gained mutation: You possess an exceptional clarity of
                  | mind. [Xom's grace]
  2529 | D:3      | Gained mutation: Your flesh is very heat resistant. (rF++)
                  | [Xom's grace]
  2529 | D:3      | Gained mutation: You are strong-willed. (Will+) [Xom's
                  | grace]
  2660 | D:3      | XOM: divination: magic mapping
  2940 | D:3      | XOM is BORED!
  2979 | D:4      | XOM: fog
  3007 | D:4      | Reached XP level 6. HP: 48/48 MP: 6/6
  3060 | D:4      | Found a shimmering altar of Xom.
  3110 | D:4      | Noticed an ogre
  3116 | D:4      | Killed an ogre
  3123 | D:4      | Reached XP level 7. HP: 27/55 MP: 7/7
  3381 | D:4      | XOM: divination: detect items
  3407 | D:4      | XOM: 1-stop teleportation journey
  3654 | D:4      | XOM: 3-stop teleportation journey
  3713 | D:5      | Entered Level 5 of the Dungeon
  3731 | D:4      | XOM: scenery: 2 doors open, 1 doors close
  3906 | D:4      | Found a burning altar of Makhleb.
  4140 | D:4      | XOM: 3-stop teleportation journey
  4163 | D:4      | XOM: summons friendly shadow imp
  4167 | D:4      | Reached skill level 1 in Axes
  4167 | D:4      | Reached skill level 5 in Armour
  4270 | D:4      | XOM: god gift: amulet of regeneration
  4278 | D:4      | XOM: divination: detect items
  4523 | D:5      | Got the Anthology of Dark Imprecation
  4540 | D:5      | XOM: give mutations
  4540 | D:5      | Gained mutation: You are partially covered in iridescent
                  | scales. (AC +2) [Xom's grace]
  4540 | D:5      | Gained mutation: You have sharp toenails. [Xom's grace]
  4624 | D:5      | Reached skill level 5 in Shields
  4628 | D:5      | Reached XP level 8. HP: 61/61 MP: 8/8
  4644 | D:5      | XOM: scenery: create altars
  4716 | D:5      | XOM is BORED!
  4716 | D:5      | XOM: draining
  4789 | D:5      | XOM: polymorph white imp -> quasit
  4801 | D:5      | Reached skill level 5 in Fighting
  4916 | D:5      | XOM: summons 5 hostile demons
  4917 | D:5      | Noticed an ice devil
  4930 | D:5      | XOM: butterfly on damage
  4937 | D:5      | HP: 1/55 [quasit[Xom] (2)]
  4939 | D:5      | Slain by an ice devil

Illustrated notes

Levels and vault maps discovered:
D:1:      evilmike_arrival_rings, layout_basic, chequers_ecumenical_altar_lobes,
          dreamdust_princess_bridge
D:2:      layout_loops_ring, serial_forest, infiniplex_forest_clump_double,
          infiniplex_forest_end_2, infiniplex_forest_clump_medium,
          infiniplex_forest_lined_4_way, infiniplex_forest_corner_1, basic_altar
D:3:      layout_loops_cross, mainiacjoe_overflow_brackets
D:4:      layout_layer_cave, makhleb_blood_cavern_becter,
          mainiacjoe_overflow_24_doors, kennysheep_small_spiral, st_stairs_11,
          nicolae_wormholes
D:5:      layout_cave_pools, mainiacjoe_overflow_chevrons,
          lightli_sewer_entry_pipes, minmay_puff, uniq_edmund

Skill      XL: |  1  2  3  4  5  6  7  8 |
---------------+-------------------------+-----
Dodging        | 1 2 3 4 |  4.0
Armour         | 4 5 |  5.6
Fighting       | 4 5 |  5.0
Shields        | 4 5 |  5.5
Axes           | 1 |  1.1
Long Blades    | |  2.0
Stealth        | |  0.8

Action                   |  1- 3 |  4- 6 |  7- 9 || total
-------------------------+-------+-------+-------++-------
Melee: Long sword        |   123 |   122 |    29 ||   274
       Hand axe          |       |       |    99 ||    99
       Kick              |       |       |    16 ||    16
  Use: Scroll            |       |     3 |     1 ||     4
       Potion            |       |     1 |     1 ||     2
Armor: Scale mail        |    44 |       |       ||    44
       Chain mail        |    23 |    76 |   147 ||   246
Dodge: Dodged            |    51 |    49 |    63 ||   163
Block: Buckler           |    35 |    28 |       ||    63
       Kite shield       |       |    14 |   111 ||   125

Table legend: (Time is in decaauts)
 A = Elapsed time spent in this place.
 B = Non-inter-level travel time spent in this place.
 C = Inter-level travel time spent in this place.
 D = Time resting spent in this place.
 E = Time spent auto-exploring this place.
 F = Levels seen in this place.
 G = Mean time per level.
                   A        B        C        D        E       F      G
               +--------+--------+--------+--------+--------+-----+--------+
         Total |   5077 |   4527 |    550 |    598 |   2938 |   5 | 1015.4 |
       Dungeon |   5077 |   4527 |    550 |    598 |   2938 |   5 | 1015.4 |
               +--------+--------+--------+--------+--------+-----+--------+

Top non-repeatable levels by time:
     D:4: 1567 daAuts
     D:3: 1297 daAuts
     D:1: 1037 daAuts
     D:2: 723 daAuts
     D:5: 451 daAuts
